 Dungeon Crawl Stone Soup version 0.29.1-2-gbd0b4ee654 (webtiles) character file.

Game seed: 14367933279414031242

11921 LustLizard the Covert (level 11, 0/59 HPs)
             Began as a Spriggan Hunter on Oct 26, 2022.
             Was an Elder of Dithmenos.
             Shot with a bolt by an orc warrior (13 damage)
             ... on level 10 of the Dungeon on Oct 28, 2022.
             The game lasted 00:40:27 (18539 turns).

LustLizard the Covert (Spriggan Hunter)            Turns: 18539, Time: 00:40:27

Health: 0/59       AC:  7    Str:  7    XL:     11   Next: 55%
Magic:  12/12      EV: 15    Int: 12    God:    Dithmenos [****..]
Gold:   433        SH:  0    Dex: 22    Spells: 6/10 levels left

rFire   . . .      SeeInvis +   a - +0 shortbow
rCold   . . .      Faith    .   (shield currently unavailable)
rNeg    . . .      Spirit   .   z - +0 swamp dragon scales
rPois   +          Reflect  .   (helmet restricted)
rElec   .          Harm     .   (no cloak)
rCorr   +          Rampage  .   (gloves unavailable)
Will    +....                   (boots unavailable)
Stlth   ++++++++..              (no amulet)
HPRegen 0.19/turn               t - ring of resist corrosion
MPRegen 0.13/turn               (no ring)

@: wreathed by umbra, very quick
A: very small, no large weapons, unfitting armour, see invisible, speed 3
a: Renounce Religion, Shadow Step


You were on level 10 of the Dungeon.
You worshipped Dithmenos.
Dithmenos was greatly pleased with you.
You visited 1 branch of the dungeon, and saw 10 of its levels.
You also visited: Bailey.

You collected 475 gold pieces.
You spent 42 gold pieces at shops.

Inventory:

Hand Weapons
 a - a +0 shortbow (weapon)
 A - a +2 vorpal war axe
Missiles
 x - a throwing net
 B - 9 poisoned darts
 G - 7 curare-tipped darts
Armour
 c - a +0 robe
 j - a +1 robe of fire resistance
 z - +0 swamp dragon scales (worn)
Jewellery
 l - an amulet of faith
 t - a ring of resist corrosion (left hand)
Wands
 q - a wand of digging (7)
 C - a wand of mindburst (11)
 I - a wand of paralysis (3)
Scrolls
 b - a scroll of immolation
 f - 2 scrolls of butterflies
 g - 2 scrolls of silence {unknown}
 h - a scroll of brand weapon {unknown}
 i - 2 scrolls of poison {unknown}
 m - 5 scrolls of teleportation
 p - 2 scrolls of vulnerability
 r - 2 scrolls of enchant weapon {unknown}
 w - 2 scrolls of magic mapping {unknown}
 y - a scroll of blinking
 E - a scroll of enchant armour {unknown}
 H - 2 scrolls of amnesia
 J - a scroll of summoning {unknown}
Potions
 d - 3 potions of degeneration
 e - 2 potions of might
 k - 5 potions of curing
 n - a potion of ambrosia
 o - 3 potions of brilliance
 s - a potion of lignification
 u - 2 potions of invisibility
 v - a potion of haste
 D - a potion of magic
 F - 3 potions of heal wounds


   Skills:
 + Level 7.7 Fighting
 * Level 13.2 Ranged Weapons
 - Level 2.6 Dodging
 - Level 13.3 Stealth
 - Level 4.0 Hexes
 + Level 3.2 Translocations
 * Level 4.2 Evocations


You had 6 spell levels left.
You knew the following spells:

 Your Spells              Type           Power      Damage    Failure   Level
a - Slow                  Hex            36%        N/A       22%         1
b - Portal Projectile     Hex/Tloc       16%        N/A       63%         3

Your spell library contained the following spells:

 Spells                   Type           Power      Damage    Failure   Level
 Confusing Touch          Hex            9%         N/A       56%         3
 Tukima's Dance           Hex            9%         N/A       56%         3
 Gell's Gravitas          Tloc           7%         N/A       67%         3
 Lesser Beckoning         Tloc           7%         N/A       67%         3
 Teleport Other           Tloc           7%         N/A       67%         3
 Dazzling Flash           Conj/Hex       8%         N/A       83%         3
 Swiftness                Air            0%         N/A       98%         3
 Vampiric Draining        Necr           0%         2d6       98%         3
 Iskenderun's Mystic Bla  Conj/Tloc      3%         2d3       99%         4
 Summon Lightning Spire   Summ/Air       0%         N/A       100%        4
 Blade Hands              Tmut           0%         N/A       100%        5
 Freezing Cloud           Conj/Ice/Air   0%         6-21      100%        5
 Summon Forest            Summ/Tloc      1%         N/A       100%        5
 Conjure Ball Lightning   Conj/Air       0%         3x3d6     100%        6
 Eringya's Noxious Bog    Tmut/Pois      0%         N/A       100%        6
 Starburst                Conj/Fire      0%         6d3       100%        6
 Summon Hydra             Summ           0%         N/A       100%        7


Dungeon Overview and Level Annotations

Branches:
Dungeon (10/15)            Temple (0/1) D:5            Lair (0/5) D:10
 Bailey (visited)
    Orc: D:9-12

Altars:
Dithmenos
Fedhas
Gozag
Ru
Sif Muna
The Shining One

Shops:
D:4 ?

Annotations:
D:10 exclusion: gargoyle


Innate Abilities, Weirdness & Mutations

You are very small and have problems with some larger weapons.
You are too small for most types of armour.
You have supernaturally acute eyesight. (SInv)
You cover ground extremely quickly. (Speed+++)


Message History

The komodo dragon is severely wounded.
Unknown command.
Fire: a) +0 shortbow
Press: ? - help, Q - select action, (/) - cycle Shift-Dir - straight line, f/p - komodo dragon
Aim: a komodo dragon (severely wounded, 76% to hit)
You shoot an arrow.
The arrow barely misses the komodo dragon.
Unknown command.
Fire: a) +0 shortbow
Press: ? - help, Q - select action, (/) - cycle Shift-Dir - straight line, f/p - komodo dragon
Aim: a komodo dragon (severely wounded, umbra, 76% to hit)
You shoot an arrow. The arrow hits the komodo dragon!
The komodo dragon is almost dead.
Unknown command.
Things that are here:
a +0 leather armour; a +0 club Fire: a) +0 shortbow
Press: ? - help, Q - select action, (/) - cycle Shift-Dir - straight line, f/p - komodo dragon
Aim: a komodo dragon (almost dead, 76% to hit)
You shoot an arrow.
The arrow barely misses the komodo dragon.
The orc warrior shouts!
The orc warrior unwields a +0 arbalest.
The orc warrior wields a +0 scimitar.
The orc warrior hits you with a +0 scimitar.
Fire: a) +0 shortbow
Press: ? - help, Q - select action, (/) - cycle Shift-Dir - straight line, f/p - komodo dragon
Aim: a komodo dragon (almost dead, umbra, 76% to hit)
You shoot an arrow. The arrow hits the komodo dragon!
You kill the komodo dragon!
Dithmenos accepts your kill.
Fire: a) +0 shortbow
Press: ? - help, Q - select action, (/) - cycle Shift-Dir - straight line, f - orc warrior
Aim: an orc warrior, wielding a +0 scimitar and wearing a +0 plate armour (umbra, 71% to hit)
You shoot an arrow. The arrow hits the orc warrior!
The orc warrior is heavily wounded.
The orc warrior hits you with a +0 scimitar!
* * * LOW HITPOINT WARNING * * *
The orc warrior unwields a +0 scimitar.
The orc warrior wields a +0 arbalest.
The orc warrior shoots a bolt.
The bolt hits you!
You die...

............#.....#
≈≈≈.........#.....#
≈≈≈.........#.....#
#≈≈.........#...Y.#
#≈≈.........#..Y..#
#≈≈.........#.....#
#≈≈.........#.)...#
#≈≈.........#.o[..###
#≈≈.#########...@[..#
#≈≈.................#
≈≈≈.................#
≈≈≈.###.............#
....# #...........(.#
##### #.....(....<..#
#(.>..........#
#..........####
#..........#


You could see 2 yaks and an orc warrior.

Vanquished Creatures
  A hydra (D:9)
  3 two-headed ogres
  Pikel (D:4)
  Maggie (D:7)
  2 komodo dragons
  A troll (D:10)
  A polar bear (D:8)
  A hornet (D:10)
  A wraith (D:9)
  2 shadows
  A wyvern (D:9)
  6 yaks
  A steam dragon (D:9)
  2 acid dragons
  4 water moccasins
  2 black bears
  6 ice beasts
  A sky beast (D:4)
  14 orc warriors
  3 ogres (D:5)
  A lemure (D:4)
  2 phantoms (D:5)
  2 kobold brigands (D:9)
  4 bullfrogs
  2 necrophages
  A gnoll sergeant (D:10)
  2 scorpions
  19 wights
  4 killer bees (D:9)
  5 electric eels
  A howler monkey (D:8)
  2 jellies (D:6)
  A hound (D:5)
  6 orc priests
  A gnoll bouda (D:8)
  2 iguanas
  7 orc wizards
  A centaur simulacrum (D:8)
  A killer bee simulacrum (D:8)
  18 gnolls
  6 adders
  2 white imps
  2 ufetubi
  4 worms
  2 dart slugs
  46 orcs
  6 ball pythons
  4 bats
  3 endoplasms
  3 giant cockroaches
  15 goblins
  8 hobgoblins
  11 kobolds
  2 quokkas (D:3)
  3 frilled lizards
  10 rats
263 creatures vanquished.

Vanquished Creatures (others)
  An orc wizard (D:7)
  55 fungi (D:10)
  53 plants
109 creatures vanquished.

Grand Total: 372 creatures vanquished

Notes
Turn   | Place    | Note
-------+----------+-------------------------------------------
     0 | D:1      | LustLizard the Spriggan Hunter began the quest for the Orb.
     0 | D:1      | Reached XP level 1. HP: 10/10 MP: 2/2
   111 | D:1      | Reached XP level 2. HP: 15/15 MP: 3/3
   440 | D:1      | Found a faded altar of an unknown god.
   898 | D:2      | Reached XP level 3. HP: 18/18 MP: 4/4
  1079 | D:2      | Reached XP level 4. HP: 23/23 MP: 5/5
  1084 | D:2      | Reached skill level 5 in Ranged Weapons
  1489 | D:2      | You fall into a shaft and drop 1 floor!
  1855 | D:3      | Found a shadowy altar of Dithmenos.
  1954 | D:3      | Became a worshipper of Dithmenos the Shadowed
  2068 | D:3      | Found a sacrificial altar of Ru.
  2068 | D:3      | Found a glowing golden altar of the Shining One.
  2288 | D:4      | Noticed a scorpion
  2355 | D:4      | Killed a scorpion
  2356 | D:4      | Reached XP level 5. HP: 24/27 MP: 6/6
  2553 | D:4      | Reached XP level 6. HP: 31/32 MP: 7/7
  2659 | D:4      | Noticed a sky beast
  2696 | D:4      | Killed a sky beast
  2697 | D:4      | Reached skill level 5 in Stealth
  2781 | D:4      | Found Kaemp's Magic Scroll Boutique.
  2904 | D:4      | Reached * piety under Dithmenos
  3124 | D:4      | Noticed a two-headed ogre
  3189 | D:4      | Killed a two-headed ogre
  3190 | D:4      | Reached XP level 7. HP: 37/37 MP: 8/8
  3190 | D:4      | Reached XP level 8. HP: 42/42 MP: 9/9
  3449 | D:5      | Entered Level 5 of the Dungeon
  3485 | D:5      | Noticed Pikel
  3981 | D:4      | Learned a level 1 spell: Slow
  4129 | D:4      | Killed Pikel
  4250 | D:5      | Identified the +7 chain mail of Jionlywau {Str+3}
  4640 | D:4      | Bought a scroll of teleportation for 42 gold pieces
  4708 | D:5      | Reached skill level 5 in Fighting
  4708 | D:5      | Reached XP level 9. HP: 47/47 MP: 10/10
  4754 | D:5      | Found a shimmering blue altar of Sif Muna.
  4858 | D:5      | Found an opulent altar of Gozag.
  4924 | D:5      | Found a staircase to the Ecumenical Temple.
  5037 | D:6      | Noticed Maggie
  5351 | D:5      | Reached ** piety under Dithmenos
  5713 | D:6      | Reached skill level 10 in Ranged Weapons
  5713 | D:6      | Reached skill level 10 in Stealth
  6179 | D:7      | Found a flagged portal.
  6192 | D:7      | HP: 2/48 [Maggie/+2 vorpal war axe (2)]
  6217 | Bailey   | Entered a bailey
  7467 | Bailey   | Identified the +2 hand axe of the Pyrrhic Victory {pain,
                  | rF- Str+5}
  7635 | Bailey   | Reached XP level 10. HP: 23/53 MP: 11/11
  7896 | Bailey   | Noticed an orc sorcerer
  7975 | Bailey   | Found an iron altar of Okawaru.
  7982 | Bailey   | Noticed an orc sorcerer
  8475 | D:8      | Reached *** piety under Dithmenos
  9735 | D:7      | Killed Maggie
 10176 | D:7      | Found a blossoming altar of Fedhas.
 11692 | D:9      | Noticed a seven-headed hydra
 11755 | D:9      | Killed a seven-headed hydra
 12141 | D:9      | Reached XP level 11. HP: 26/58 MP: 12/12
 12485 | D:9      | Got the Octavo of the Atmosphere
 12616 | D:8      | Reached **** piety under Dithmenos
 13158 | D:9      | Noticed a two-headed ogre
 13290 | D:9      | Killed a two-headed ogre
 13623 | D:10     | Entered Level 10 of the Dungeon
 13630 | D:10     | Learned a level 3 spell: Portal Projectile
 13649 | D:10     | Identified the +4 ring mail "Fyruab" {*Slow +Blink Str+6
                  | Dex-5}
 14389 | D:10     | Reached skill level 1 in Evocations
 14498 | D:9      | Reached skill level 1 in Translocations
 16529 | D:10     | Noticed a two-headed ogre
 16583 | D:9      | Killed a two-headed ogre
 17898 | D:10     | Found a staircase to the Lair.
 17909 | D:10     | Noticed an orc knight
 18539 | D:10     | Shot with a bolt by an orc warrior

Illustrated notes

Levels and vault maps discovered:
D:1:      erik_arrival_orb_chamber, layout_rooms,
          shapermc_ecumenical_altar_mp_highgroup
D:2:      layout_basic
D:3:      layout_rooms, mainiacjoe_overflow_concentric_impassable,
          gammafunk_temple_overflow_wave, nicolae_kite_square_tiling_tiny,
          minmay_close_crescents
D:4:      layout_basic, minmay_fountain_box, chequers_serial_rivers_micro_d,
          nicolae_take_the_stairs
D:5:      layout_cave_pools, mainiacjoe_overflow_boulevard, grunt_gozag_statues,
          temple_green, uniq_pikel
D:6:      layout_basic, elyvilon_altar_3, uniq_maggie
D:7:      layout_basic, lemuel_coloured_pillars_altar, enter_bailey_5,
          enter_ossuary_2
D:8:      layout_gridville, serial_ice, serial_ice_a, serial_ice_k,
          serial_ice_h, serial_ice_c
D:9:      layout_roguey, library_closet, minmay_increasing_density
D:10:     layout_irregular_city, due_lair_maze_entry_diamond, erik_orc_2

Skill      XL: |  1  2  3  4  5  6  7  8  9 10 11 |
---------------+----------------------------------+-----
Stealth        | 2 3 4 7 9 11 12 13 | 13.3
Fighting       | 2 4 5 6 7 |  7.7
Ranged Weapons | 5 6 7 9 10 12 13 | 13.2
Hexes          | 2 3 4 |  4.0
Evocations     | 4 |  4.2
Translocations | 3 |  3.2
Dodging        | |  2.6

Action                   |  1- 3 |  4- 6 |  7- 9 | 10-12 || total
-------------------------+-------+-------+-------+-------++-------
 Fire: Shortbow          |   112 |   174 |   389 |   816 ||  1491
 Cast: Slow              |       |       |    11 |    10 ||    21
  Use: Scroll            |       |       |     6 |    11 ||    17
       Potion            |       |       |       |     1 ||     1
Armor: Robe              |     2 |     5 |     5 |     1 ||    13
       Swamp dragon scal |       |       |       |    32 ||    32
Dodge: Dodged            |    15 |    33 |    79 |   227 ||   354
